Map: Blackpink LE

Players

theo - Winner!

  • Race: Terran Terran
  • League: Diamond
  • Spawn Location: 1:00

Rye

  • Race: Zerg Zerg
  • League: Diamond
  • Spawn Location: 7:00

VOD

Have the link to the VOD?

Description

Time

  • Played on: March 22, 2018, 4:23 a.m.
  • Length: 6:30
Show
View Real Time Build Order
Export as new Build Order

theo Terran - Winner!

Build Orders:  

Get SALT Encoding   

  12  0:01  SCV  
  13  0:13  SCV  
  14  0:18  Supply Depot  
  14  0:25  SCV  
  15  0:31  Refinery  
  15  0:40  SCV  
  16  0:45  Barracks  
  16  0:55  SCV  
  17  0:59  Refinery  
  17  1:07  SCV  
  18  1:19  SCV  
  19  1:32  Orbital Command  
  19  1:36  Factory  
  19  1:38  Barracks Reactor  
  19  1:56  Supply Depot  
  19  1:58  SCV  
  20  2:13  SCV  
  21  2:26  SCV  
  21  2:28  Armory  
  21  2:29  Hellion x2  
  26  2:38  SCV  
  26  2:43  Supply Depot  
  26  2:44  Barracks Reactor  
  27  2:56  Factory  
  27  2:59  Hellion  
  27  3:03  SCV  
  30  3:12  Hellion  
  32  3:16  SCV  
  33  3:22  Cyclone  
  36  3:35  Cyclone  
  36  3:39  Supply Depot  
  39  3:48  Terran Vehicle Weapons Level 1  
  39  3:49  Supply Depot  
  39  4:11  Hellion x2  
  39  4:12  Cyclone x2  
  49  4:31  Supply Depot  
  49  4:32  Cyclone  
  49  4:35  Hellion  
  54  4:44  Supply Depot  
  54  5:10  Hellion x2  
  54  5:11  Cyclone  
  54  5:12  Hellion, SCV  
  64  5:32  Hellion x2  
  58  5:54  Cyclone x3  
  60  6:08  Hellion  
Show
View Real Time Build Order
Export as new Build Order

Rye Zerg 

Build Orders: Hatch First 

Get SALT Encoding   

  12  0:01  Drone  
  13  0:12  Overlord  
  13  0:27  Drone  
  14  0:31  Drone x2  
  16  0:39  Drone  
  17  0:57  Drone  
  18  1:01  Hatchery  
  17  1:04  Drone  
  17  1:11  Extractor  
  17  1:19  Drone, Spawning Pool  
  17  1:21  Drone  
  18  1:34  Drone  
  19  1:53  Overlord  
  19  2:07  Zergling x4  
  21  2:11  Metabolic Boost  
  21  2:19  Queen x2  
  21  2:20  Zergling x2  
  21  2:21  Zergling x2  
  27  2:30  Drone x2  
  30  2:44  Drone x2  
  31  2:56  Queen x2  
  35  2:58  Evolution Chamber  
  34  3:07  Drone x2  
  34  3:10  Overlord  
  34  3:11  Overlord  
  36  3:23  Overlord  
  36  3:32  Queen  
  37  3:36  Drone x7  
  44  3:45  Drone  
  44  3:46  Roach Warren  
  44  3:54  Queen  
  46  4:06  Extractor  
  45  4:11  Zergling x6  
  45  4:14  Overlord  
  48  4:24  Zerg Ground Armor Level 1  
  50  4:31  Roach  
  50  4:36  Queen  
  52  4:41  Overlord  
  52  4:45  Drone x2  
  53  4:46  Drone  
  53  4:47  Zergling x6  
  58  5:00  Roach x4  
  66  5:07  Overlord x2  
  65  5:19  Overlord  
  65  5:22  Overlord  
  65  5:33  Roach x2  
  65  5:34  Roach x3  
  59  5:51  Roach  
  59  5:52  Roach x6  
  59  6:00  Zergling x2  
  48  6:06  Zergling x2  
  48  6:08  Spine Crawler  
  44  6:11  Zergling x2  
Tags
 
Add a new tag
Caveats
  • Supply blocks, unpowered buildings, or Contaminate may cause inaccurate times.
  • Supply counts are checked every 10 seconds.